 Dungeon Crawl Stone Soup version 0.30-a0-1074-g5db6f66fbb (webtiles) character file.

Game seed: 16532197836657819388

290 Arzdou the Covered (level 6, -1/38 HPs)
             Began as a Gargoyle Fighter on Apr 13, 2023.
             Killed by an exploding ball python (32 damage)
             ... ignited by their inner flame
             ... on level 4 of the Dungeon.
             The game lasted 00:05:29 (3247 turns).

Arzdou the Covered (Gargoyle Fighter)               Turns: 3247, Time: 00:05:31

Health: -1/38      AC: 13    Str: 20    XL:     6   Next: 32%
Magic:  6/6        EV:  7    Int: 10    God:
Gold:   157        SH:  4    Dex:  9    Spells: 5/5 levels left

rFire   . . .      SeeInvis +    y - +2 flail (heavy)
rCold   . . .      Faith    .    c - +0 buckler
rNeg    + . .      Spirit   .    m - +0 chain mail
rPois   ∞          Reflect  .    (no helmet)
rElec   +          Rampage  .    (no cloak)
rCorr   .                        (no gloves)
Will    .....                    (no boots) Stlth
                                 (no amulet)
HPRegen 0.26/turn                i - ring of see invisible
MPRegen 0.10/turn                (no ring)

@: weak-willed
A: sickness immunity, AC +4, negative energy resistance 1, electricity
resistance, torment resistance 1, petrification resistance
a: no special abilities


You were on level 4 of the Dungeon.
You visited 1 branch of the dungeon, and saw 4 of its levels.
You also visited: Sewer.

You collected 157 gold pieces.

Inventory:

Hand Weapons
 a - a +0 flail
 y - a +2 heavy flail (weapon)
Armour
 b - a +0 scale mail
 c - a +0 buckler (worn)
 m - a +0 chain mail (worn)
Jewellery
 i - a ring of see invisible (left hand)
Wands
 w - a wand of flame (17)
Scrolls
 f - a scroll of magic mapping
 o - a scroll of enchant weapon
Potions
 d - 3 potions of might
 e - a potion of heal wounds {unknown}
 g - a potion of lignification {unknown}
 h - 2 potions of attraction
 l - 3 potions of flight
 q - 3 potions of cancellation
 r - 2 potions of ambrosia
 t - a potion of mutation {unknown}
 u - 2 potions of magic {unknown}
 z - a potion of berserk rage {unknown}


   Skills:
 + Level 4.0 Fighting
 * Level 1.7(3.0) Axes
 + Level 4.2(4.4) Maces & Flails
 + Level 4.2 Armour
 + Level 0.7 Dodging
 + Level 0.1 Stealth
 + Level 4.2 Shields


You had 5 spell levels left.
You didn't know any spells.
Your spell library contained the following spells:

 Spells                   Type           Power      Damage    Failure   Level
 Scorch                   Fire           0%         2d5       99%         2
 Flame Wave               Conj/Fire      0%         2d4       100%        4
 Summon Cactus Giant      Summ           0%         N/A       100%        6


Dungeon Overview and Level Annotations

Branches:
Dungeon (4/15)              Sewer (visited)
 Temple: D:4-7

Altars:
Fedhas

Shops:
D:2 (


Innate Abilities, Weirdness & Mutations

You are immune to sickness and miasma.
Your stone body is resilient. (AC +4)
You are immune to poison.
You resist negative energy. (rN+)
You are resistant to electric shocks. (rElec)
You are resistant to unholy torment.
You are immune to petrification.


Message History

As you read the scroll of identify, it crumbles to dust.
l - 3 potions of flight
As you read the scroll of identify, it crumbles to dust.
r - 2 potions of ambrosia
As you read the scroll labelled WAAZUT YRPHIUK, it crumbles to dust.
You feel aware of your surroundings.
You sensed 1 altar.
It was a scroll of magic mapping.
As you read the scroll labelled XOLAPP DISOU, it crumbles to dust.
You hear a loud clanging noise!
It was a scroll of noise.
You hear an angry hiss. x2; You hear a shout! x3
As you read the scroll labelled ULIATHR FU NEDEIC, it crumbles to dust.
Magic quickly surges around you.
It was a scroll of vulnerability.
As you read the scroll labelled ZEUBIJ IRHAXT, it crumbles to dust.
Your body is wracked with pain!
It was a scroll of torment.
As you read the scroll labelled LEEHUA BE VAYH, it crumbles to dust.
It is a scroll of enchant weapon.
Your +1 flail of protection glows red for a moment.
A ball python comes into view.
As you read the scroll labelled COIRIAFFAE, it crumbles to dust.
Wisps of shadow whirl around you...
It was a scroll of summoning.
The ball python hisses angrily.
As you read the scroll labelled SYUSTR AMIT, it crumbles to dust.
It is a scroll of brand weapon.
Your +2 flail of protection becomes incredibly heavy!
y - a +2 heavy flail (weapon)
As you read the scroll labelled OPLOTE AMIO, it crumbles to dust.
The creatures around you are filled with an inner flame!
It was a scroll of immolation.
Your dart slug launches a dart at the ball python.
The slug dart hits the ball python.
The ball python explodes!
The fiery explosion engulfs your ball python!!!
Your ball python's corpse dissolves into shadows!
The fiery explosion engulfs your kobold!!
Your kobold's corpse dissolves into shadows!
Your kobold explodes!
Your ball python explodes!
The fiery explosion engulfs you!!
Ouch! That really hurt!
You die...

****,,*****,,,,,* ,*
*,***,,,,***** ########
,***,*,,,*,,* #.......
,,,,,*,*,,,** #.......
,,,,,,,,,,**
#############.......
,,,,,,,,***
#.........#....)†...
,,,,,,,**
#.........<.####.###
,,,,,,,*****
#§§.).....### #.#
,,,,,,,,,,.###§§@.^....#
#.#
,,,,,,,**#...§§§§......#
#.# ,,,,,,**
#####.§w..>...######.#
,,,,,,**
#.........##...#.#
,,,,,,,*
#...).....##...#.#
,,,,,,,*
#.........##...#.#
,,,,,,,*
####..######...#.#
,,,,,,,* *#.## #...#.#
,,,,,,,* ******#..#
##..#.#


You could see a friendly dart slug (summoned, inner flame).

Vanquished Creatures
  A sleepcap (D:3)
  An iguana (D:3)
  2 orc wizards
  A hell rat (Sewer)
  2 adders
  A gnoll (D:1)
  3 river rats (Sewer)
  2 worms
  3 dart slugs
  7 orcs
  4 endoplasms
  4 giant cockroaches
  2 goblins
  7 hobgoblins
  9 jackals
  6 quokkas
  7 ball pythons
  6 bats
  10 frilled lizards
  6 kobolds
  12 rats
96 creatures vanquished.

Vanquished Creatures (collateral kills)
  A ball python (D:4)
1 creature vanquished.

Vanquished Creatures (others)
  5 plants (D:3)
5 creatures vanquished.

Grand Total: 102 creatures vanquished

Notes
Turn   | Place    | Note
-------+----------+-------------------------------------------
     0 | D:1      | Arzdou the Gargoyle Fighter began the quest for the Orb.
     0 | D:1      | Reached XP level 1. HP: 14/14 MP: 1/1
    53 | D:1      | Reached XP level 2. HP: 19/19 MP: 2/2
   246 | D:1      | Reached XP level 3. HP: 19/23 MP: 3/3
   632 | D:2      | Found Pusull's Weapon Boutique.
  1262 | D:2      | Reached XP level 4. HP: 26/29 MP: 4/4
  2000 | D:3      | Found a faded altar of an unknown god.
  2139 | D:3      | Reached XP level 5. HP: 21/33 MP: 5/5
  2231 | D:3      | Reached skill level 1 in Axes
  2356 | D:3      | Found a glowing drain.
  2362 | Sewer    | Entered a sewer
  2637 | D:3      | Found a blossoming altar of Fedhas.
  2768 | D:3      | Reached XP level 6. HP: 26/38 MP: 6/6
  3247 | D:4      | Killed by an exploding ball python... ignited by their
                  | inner flame

Illustrated notes

Levels and vault maps discovered:
D:1:      dpeg_arrival_tiny_a, layout_loops_ring
D:2:      minmay_door_path, layout_basic, serial_shops,
          nicolae_shop_bloodbath_and_beyond
D:3:      cheibrodos_old_hovel, layout_basic, fedhas_altar_4,
          ebering_ecumenical_altar_mist, portal_sewer_entry_e,
          lexackson_kobold_supper
D:4:      layout_rooms, zin_angel, st_stairs_10

Skill      XL: |  1  2  3  4  5 |
---------------+----------------+-----
Maces & Flails | 3 4 |  4.2
Armour         | 4 |  4.2
Axes           | 1 |  1.7
Shields        | 4 |  4.2
Fighting       | 4 |  4.0
Dodging        | |  0.7
Stealth        | |  0.1

Action                     |  1- 3 |  4- 6 || total
---------------------------+-------+-------++-------
  Melee: Flail             |   118 |   214 ||   332
    Use: Scroll            |       |    12 ||    12
 Armour: Scale mail        |    41 |       ||    41
         Chain mail        |    26 |   167 ||   193
  Dodge: Dodged            |    65 |   117 ||   182
  Block: Buckler           |    37 |    79 ||   116

Table legend: (Time is in decaauts)
 A = Elapsed time spent in this place.
 B = Non-inter-level travel time spent in this place.
 C = Inter-level travel time spent in this place.
 D = Time resting spent in this place.
 E = Time spent auto-exploring this place.
 F = Levels seen in this place.
 G = Mean time per level.
                   A        B        C        D        E       F      G
               +--------+--------+--------+--------+--------+-----+--------+
         Total |   3352 |   3180 |    172 |      0 |   2407 |   5 |  670.4 |
       Dungeon |   3139 |   2967 |    172 |      0 |   2275 |   4 |  784.8 |
         Sewer |    212 |    212 |      0 |      0 |    132 |   1 |  212.0 |
               +--------+--------+--------+--------+--------+-----+--------+

Top non-repeatable levels by time:
     D:2: 1286 daAuts
     D:3: 1072 daAuts
     D:1: 652 daAuts
   Sewer: 212 daAuts
     D:4: 128 daAuts
